 Dungeon Sprint DCSS version 0.20.1-1-g8b1a95d (webtiles) character file.

993 wojtek the Cleaver (level 7, -8/108 HPs)
             Began as a Minotaur Berserker on Dec 27, 2017.
             Was a Priest of Trog.
             Mangled by a deep troll (22 damage)
             ... in the Dungeon (Sprint I: "Red Sonja").
             The game lasted 00:01:29 (927 turns).

wojtek the Cleaver (Minotaur Berserker)              Turns: 927, Time: 00:01:30

Health: -8/108     AC:  2    Str: 29    XL:     7   Next: 98%
Magic:  6/6        EV: 16    Int:  4    God:    Trog [***...]
Gold:   405        SH:  0    Dex:  9    Spells: 6/6 levels left

rFire    + . .     SeeInvis .   a - +0 hand axe
rCold    . . .     Gourm    .   (no shield)
rNeg     . . .     Faith    .   b - +0 animal skin
rPois    .         Spirit   .   (helmet restricted)
rElec    .         Reflect  .   (no cloak)
rCorr    .         Harm     .   (no gloves)
MR       .....     NoTele   +   (no boots)
Stlth    ..........             (no amulet)
Regen    0.3/turn               l - ring of protection from fire
MPRegen  0.1/turn               (no ring)

@: berserking, very quick
A: retaliatory headbutt, horns 2
a: Berserk, Trog's Hand, Burn Spellbooks, Renounce Religion


You were in the Dungeon.
You worshipped Trog.
Trog was most pleased with you.
You were not hungry.

You visited 1 branch You collected 405 gold pieces.

Inventory:

Hand Weapons
 a - a +0 hand axe (weapon)
Armour
 b - a +0 animal skin (worn)
Jewellery
 l - a ring of protection from fire (left hand)
Wands
 j - a wand of digging (7/24)
Scrolls
 i - a scroll of blinking
 m - a scroll of identify {unknown}
Potions
 d - a potion of curing
 e - a potion of heal wounds
 f - a potion of haste
 g - 2 potions of magic
 h - a potion of berserk rage


   Skills:
 + Level 10.0 Fighting
 * Level 13.2 Axes
 + Level 9.6 Armour
 + Level 8.9 Dodging


You had 6 spell levels left.
You didn't know any spells.

Dungeon Overview and Level Annotations

Branches:
Dungeon (1/1)

Altars:
Cheibriados
Dithmenos
Elyvilon
Fedhas
Gozag
Hepliaklqana
Kikubaaqudgha
Nemelex Xobeh
Okawaru
Qazlal
Ru
Sif Muna
Trog
Uskayaw
Vehumet
Yredelemnul
Zin
The Shining One

Shops:
D ?


Innate Abilities, Weirdness & Mutations

You reflexively headbutt those who attack you in melee.
You have a pair of horns on your head.


Message History

You hit the deep troll but do no damage.
Your headbutt misses the deep troll.
The deep troll is heavily wounded.
The deep troll bites you! The deep troll claws you. The deep troll claws you!
* * * LOW HITPOINT WARNING * * *
A red film seems to cover your vision as you go berserk!
You feel yourself moving faster!
You feel mighty!
You feel a lot more hungry.
The deep troll bites you but does no damage.
The deep troll barely misses you. The deep troll closely misses you.
You barely miss the deep troll.
The deep troll is heavily wounded.
You closely miss the deep troll. Your headbutt misses the deep troll.
The deep troll is heavily wounded.
The deep troll closely misses you. x2; The deep troll barely misses you.
You slash the deep troll! You headbutt the deep troll!
The deep troll is almost dead.
You barely miss the deep troll.
The deep troll is almost dead.
The deep troll bites you!!
You die...

#..#####'#####'#
#..####..#...#.#
#..#__####..##.#
#..#_____##'#..+
#⌠⌠#_.∩...'..._#
####_..__##_(#+#
#_____###'#
#########)####+###
+...@T$.$$+
#...####### ##.##
#+#


You could see a deep troll.

Vanquished Creatures
  Sonja (D)
  Sigmund (D)
  A yak (D)
  An ogre (D)
  A jelly (D)
  Ijyb (D)
6 creatures vanquished.

Vanquished Creatures (others)
  A gargoyle (D)
1 creature vanquished.

Grand Total: 7 creatures vanquished

Notes
Turn   | Place    | Note
-------+----------+-------------------------------------------
     0 | D        | wojtek the Minotaur Berserker began the quest for the Orb.
     0 | D        | Reached XP level 1. HP: 19/19 MP: 0/0
     1 | D        | Noticed Ijyb
    10 | D        | Killed Ijyb
    10 | D        | Reached skill level 5 in Axes
    10 | D        | Reached XP level 2. HP: 19/28 MP: 1/1
   165 | D        | Noticed an ogre
   168 | D        | Killed an ogre
   168 | D        | Reached skill level 7 in Axes
   168 | D        | Reached skill level 5 in Armour
   168 | D        | Reached skill level 5 in Dodging
   168 | D        | Reached XP level 3. HP: 37/37 MP: 2/2
   168 | D        | Reached XP level 4. HP: 44/44 MP: 3/3
   203 | D        | Noticed Sigmund
   218 | D        | Killed Sigmund
   218 | D        | Reached ** piety under Trog
   218 | D        | Reached skill level 10 in Axes
   218 | D        | Reached XP level 5. HP: 18/52 MP: 4/4
   218 | D        | Reached XP level 6. HP: 21/60 MP: 5/5
   421 | D        | Found a deep blue altar of Sif Muna.
   423 | D        | Found a radiant altar of Vehumet.
   564 | D        | Killed a gargoyle
   576 | D        | Found Jokaabb's Magic Scroll Emporium.
   576 | D        | Found an ancient bone altar of Kikubaaqudgha.
   576 | D        | Found a hazy altar of Hepliaklqana.
   576 | D        | Found a stormy altar of Qazlal.
   576 | D        | Found a hide-covered altar of Uskayaw.
   576 | D        | Found a blossoming altar of Fedhas.
   576 | D        | Found a bloodstained altar of Trog.
   576 | D        | Found an iron altar of Okawaru.
   576 | D        | Found a basalt altar of Yredelemnul.
   576 | D        | Found a glowing golden altar of the Shining One.
   576 | D        | Found a snail-covered altar of Cheibriados.
   576 | D        | Found a sacrificial altar of Ru.
   576 | D        | Found a glowing silver altar of Zin.
   576 | D        | Found a shadowy altar of Dithmenos.
   576 | D        | Found a white marble altar of Elyvilon.
   576 | D        | Noticed a yak
   583 | D        | Killed a yak
   583 | D        | Reached skill level 11 in Axes
   584 | D        | Found an opulent altar of Gozag.
   585 | D        | Found a sparkling altar of Nemelex Xobeh.
   665 | D        | Noticed Sonja
   672 | D        | Killed Sonja
   672 | D        | Reached *** piety under Trog
   672 | D        | Reached skill level 10 in Fighting
   672 | D        | Reached skill level 13 in Axes
   672 | D        | Reached XP level 7. HP: 33/72 MP: 6/6
   917 | D        | Noticed a deep troll
   927 | D        | Mangled by a deep troll

Skill      XL: |  1  2  3  4  5  6 |
---------------+-------------------+-----
Fighting       | 4 6 7 10 | 10.0
Axes           | 5 7 10 13 | 13.2
Armour         | 3 5 7 9 |  9.6
Dodging        | 3 5 6 8 |  8.9

Action                   |  1- 3 |  4- 6 |  7- 9 || total
-------------------------+-------+-------+-------++-------
Melee: Hand axe          |     9 |    27 |     8 ||    44
       Headbutt          |       |     7 |     3 ||    10
Invok: Berserk           |     2 |     1 |     1 ||     4
  Eat: Bread ration      |       |       |     1 ||     1
Armor: Animal skin       |       |     2 |     1 ||     3
Dodge: Dodged            |     3 |    15 |     8 ||    26
